 Dungeon Crawl Stone Soup version 0.31-a0-150-g89dc3ad700 (webtiles) character file.

Game seed: 10365579681175124344

111763 olmar the Wrestler (level 16, -15/127 HPs)
             Began as a Grey Draconian Transmuter on June 8, 2023.
             Was an Initiate of Gozag.
             Demolished by a +3 dire flail of protection (26 damage)
             ... on level 1 of the Elven Halls.
             The game lasted 00:37:05 (22396 turns).

olmar the Wrestler (Grey Draconian Transmuter)     Turns: 22396, Time: 00:37:05

Health: -15/127    AC: 15    Str: 16    XL:     16   Next: 10%
Magic:  29/31      EV: 12    Int: 20    God:    Gozag
Gold:   5646       SH:  0    Dex: 12    Spells: 26/38 levels left

rFire   . .          .
                       - Unarmed
rCold   . . .        (no shield)
rNeg    . . .        (body armour unavailable)
rPois   .            P - melded +2 hat
rElec   +            F - +0 cloak of Fun {rElec Str+2}
rCorr   .            (no gloves)
SInv    .            v - melded +0 pair of boots {Stlth+}
Will    ++...        J - amulet of Kiuxel {Acrobat Regen+}
Stlth   ++           u - +4 ring of slaying
HPRegen 1.21/turn    B - ring of willpower
MPRegen 0.22/turn

%: acrobat
@: about to teleport, appendages, wereblooded
A: horns 2, talons 2, AC +14, amphibious, unfitting armour, cold-blooded
a: End Transformation, Renounce Religion, Potion Petition, Call Merchant, Bribe
Branch


You were on level 1 of the Elven Halls.
You worshipped Gozag.
Gozag was greatly pleased with you.
You had temporarily grown beastly horns and talons.
You visited 5 branches of the dungeon, and saw 24 of its levels.

You collected 8635 gold pieces.
You spent 1017 gold pieces at shops.
You paid 1972 gold pieces to Gozag.

Inventory:

Missiles
 i - 6 datura-tipped darts
 N - 5 throwing nets
 R - 3 curare-tipped darts
Armour
 k - a +1 cloak
 v - a +0 pair of boots of stealth (melded)
 E - the scarf of Creativity {+Inv, Harm rCorr Int+3 Slay-3}
   (You found it on level 1 of the Lair of Beasts)

   Int:       It affects your intelligence (+3).
   Slay:      It affects your accuracy & damage with ranged weapons and melee
   (-3).
   rCorr:     It protects you from acid and corrosion.
   Harm:      It increases damage dealt and taken.
 F - the +0 cloak of Fun (worn) {rElec Str+2}
   (You bought it in a shop on level 2 of the Orcish Mines)

   Str:       It affects your strength (+2).
   rElec:     It insulates you from electricity.
 P - a +2 hat (melded)
Jewellery
 b - a ring of fire
 g - a ring of protection from cold
 u - a +4 ring of slaying (left hand)
 w - a +5 ring of evasion
 B - a ring of willpower (right hand)
 C - an amulet of guardian spirit
 I - a ring of positive energy
 J - the amulet of Kiuxel (around neck) {Acrobat Regen+}
   (You acquired it on level 3 of the Lair of Beasts)

   [amulet of the acrobat]

   It increases your evasion while moving and waiting.
   Regen:     It increases your rate of health regeneration.
 K - a ring of protection from cold
 L - a +6 ring of strength
Wands
 l - a wand of charming (12)
 s - a wand of flame (8) (quivered)
 t - a wand of quicksilver (2)
 x - a wand of roots (11)
 M - a wand of digging (13)
 W - a wand of mindburst (5)
Scrolls
 c - 2 scrolls of torment
 d - a scroll of teleportation
 h - 2 scrolls of enchant armour
 m - 8 scrolls of fear
 n - 6 scrolls of poison
 o - 7 scrolls of vulnerability
 p - 4 scrolls of immolation
 r - 3 scrolls of magic mapping
 y - a scroll of summoning
 D - 2 scrolls of amnesia
 G - 4 scrolls of enchant weapon
 H - 5 scrolls of noise
 O - a scroll of blinking
 Q - 3 scrolls of identify
Potions
 a - a potion of lignification
 e - 4 potions of enlightenment
 f - 2 potions of invisibility
 j - a potion of curing
 q - 2 potions of mutation
 z - 3 potions of attraction
 A - 4 potions of brilliance
 T - a potion of berserk rage {unknown}
 U - 2 potions of degeneration
 V - a potion of ambrosia {unknown}
Miscellaneous
 S - a sack of spiders


   Skills:
 + Level 7.9 Fighting
 - Level 2.5 Dodging
 - Level 1.1 Stealth
 + Level 22.3 Unarmed Combat
 + Level 11.6 Spellcasting
 + Level 12.2 Transmutations
 + Level 0.2 Ice Magic


You had 26 spell levels left.
You knew the following spells:

 Your Spells              Type           Power      Damage    Failure   Level
a - Beastly Appendage     Tmut           100%       N/A       1%          1
b - Wereblood             Tmut           57%        N/A       1%          2
c - Lee's Rapid Deconstr  Erth           5%         3d6*      86%         5
d - Ice Form              Ice/Tmut       36%        N/A       4%          4

Your spell library contained the following spells:

 Spells                   Type           Power      Damage    Failure   Level
 Spider Form              Tmut/Pois      36%        N/A       1%          3
 Freeze                   Ice            48%        1d6       5%          1
 Kiss of Death            Conj/Necr      44%        2d8       6%          1
 Magic Dart               Conj           44%        1d5       6%          1
 Cigotuvi's Dreadful Rot  Necr/Pois/Air  22%        N/A       9%          2
 Ensorcelled Hibernation  Hex/Ice        24%        N/A       9%          2
 Searing Ray              Conj           22%        2d5       9%          2
 Frozen Ramparts          Ice            24%        1d4       16%         3
 Hailstorm                Conj/Ice       12%        3d5       17%         3
 Confusing Touch          Hex            11%        N/A       19%         3
 Gell's Gravitas          Tloc           11%        N/A       19%         3
 Teleport Other           Tloc           11%        N/A       19%         3
 Volatile Blastmotes      Fire/Tloc      22%        2d11      19%         3
 Anguish                  Hex/Necr       5%         N/A       52%         4
 Dispel Undead            Necr           11%        3d9       52%         4
 Fulminant Prism          Conj/Hex       5%         3d7       52%         4
 Iskenderun's Mystic Bla  Conj/Tloc      11%        2d4       52%         4
 Borgnjor's Vile Clutch   Necr/Erth      5%         N/A       86%         5
 Death Channel            Necr           5%         N/A       100%        6
 Dispersal                Tloc           5%         N/A       100%        6
 Animate Dead             Necr           Unusable   N/A       N/A         4

Dungeon Overview and Level Annotations

Branches:
Dungeon (15/15)            Temple (1/1) D:4            Lair (5/5) D:9
  Swamp (0/4) Lair:3       Spider (0/4) Lair:3        Slime (0/5) Lair:5
    Orc (2/2) D:9             Elf (1/3) Orc:2        Vaults (0/5) D:14
 Depths (0/4) D:15

Altars:
Ashenzari
Cheibriados
Elyvilon
Gozag
Kikubaaqudgha
Makhleb
Nemelex Xobeh
Qazlal
Ru
Sif Muna
Trog
Uskayaw
Vehumet
Wu Jian
Xom
Yredelemnul
Zin
The Shining One
Jiyva

Shops:
D:4 [   D:7 ?   Orc:2 [*(=   Lair:1 ?

Portals:
Trove: D:10 (give 9 potions of haste)

Annotations:
D:6 3 runed translucent doors, deremet's ghost, novice MfIE
Lair:2 exclusion: oklob plant


Innate Abilities, Weirdness & Mutations

You have temporarily grown beastly horns and talons.
Your dull iron-grey scales are very hard. (AC +14)
You are amphibious.
You cannot fit into any form of body armour.
You are cold-blooded and may be slowed by cold attacks.


Message History

The +3 dire flail of protection is almost destroyed.
The +3 dire flail of protection hits you!!
You miss the +3 dire flail of protection.
The +3 dire flail of protection is almost destroyed.
The +3 dire flail of protection hits you but does no damage.
Unknown command.
You hit the +3 dire flail of protection.
You punch the +3 dire flail of protection, but do no damage.
The +3 dire flail of protection is almost destroyed.
A deep elf demonologist comes into view.
It is wielding a +0 long sword.
Casting: Beastly Appendage (safe; 1% risk of failure)
Confirm with . or Enter, or press ? or * to list all spells.
You grow a pair of large bovine horns.
Your feet morph into talons.
Your +2 hat melds into your body.
Your +0 pair of boots of stealth melds into your body.
You feel less stealthy.
The +3 dire flail of protection barely misses you.
The +3 dire flail of protection hits you!
The deep elf zephyrmancer gestures wildly while chanting.
The deep elf zephyrmancer blinks!
Casting: Beastly Appendage (safe; 1% risk of failure)
Confirm with . or Enter, or press ? or * to list all spells.
Your blood is infused with primal strength.
The +3 dire flail of protection hits you but does no damage.
The deep elf zephyrmancer points at you and mumbles some strange words.
The bolt of lightning hits you. You resist.
The +3 dire flail of protection hits you!!
You hear a shout! x4
Unknown command.
As you read the scroll of teleportation, it crumbles to dust.
You feel strangely unstable.
The +3 dire flail of protection hits you!!
* * * LOW HITPOINT WARNING * * *
Unknown command.
The +3 dire flail of protection hits you!!
* * * LOW HITPOINT WARNING * * *
You feel better.
The +3 dire flail of protection hits you!!
You die...
Your body crumbles into a pile of gold.

>. ## # .. ... #..
e#.# ###.. .#.#
.....###.#.#
..........# .........#
. # #.##(## $ .. .
#.#.@## .# ..###.
#.#...#..# #....#
##.....#.. #.##.#
#.######## #....##
##.....#... ####..#
#.#.##.#[## #.....##
##......#.#
#...##.#####.##.##.#.#
#...##.......# .# ..#


You could see a +3 dire flail of protection.

Vanquished Creatures
  An emperor scorpion (D:15)
  An orc warlord (Orc:2)
  A deep elf demonologist (Elf:1)
  Azrael (D:14)
  A deep elf death mage (Elf:1)
  A great orb of eyes (D:15)
  Snorg (Orc:1)
  A fire dragon (D:15)
  8 hydras
  Harold (Lair:2)
  Erolcha (D:12)
  3 boulder beetles
  7 centaur warriors
  7 dancing weapons
  2 two-headed ogres
  5 death yaks (Lair:5)
  3 orc high priests (Orc:2)
  Urug (Lair:4)
  Sonja (Lair:4)
  4 deep elf knights (Elf:1)
  Nergalle (Lair:3)
  7 skeletal warriors (D:15)
  A goliath frog (Lair:5)
  8 deep elf archers (Elf:1)
  2 wizards (D:14)
  A lindwurm (Lair:2)
  Pikel (D:9)
  12 deep elf zephyrmancers (Elf:1)
  4 orc knights
  A wolf spider zombie (D:15)
  6 orc sorcerers
  11 deep elf pyromancers
  4 ugly things
  A manticore (D:12)
  4 cyclopes
  29 elephants
  2 centaur zombies (D:15)
  3 black mambas
  14 cane toads
  2 gargoyles
  Maggie (D:6)
  A redback zombie (D:15)
  6 komodo dragons
  An efreet (D:15)
  Psyche (D:8)
  4 kobold demonologists
  3 rime drakes
  A tengu conjurer (D:14)
  2 freezing wraiths
  2 polar bears
  6 meliai
  6 trolls
  A hornet (D:11)
  27 blink frogs
  3 tyrant leeches
  Grinder (D:6)
  A water elemental (D:14)
  A spriggan (shapeshifter) (D:15)
  A jumping spider (Lair:3)
  2 vampires (D:15)
  5 shadows
  4 fire elementals
  A wyvern (Lair:5)
  4 wraiths
  A basilisk (Lair:1)
  51 yaks
  3 steam dragons
  6 vampire mosquitoes
  2 wargs
  3 hell hounds (D:14)
  2 swamp worms (Lair:3)
  An acid dragon (D:14)
  14 water moccasins
  29 orc warriors
  2 sky beasts
  5 black bears
  A hornet zombie (D:15)
  10 wolves
  An ogre (Orc:2)
  A phantom (D:6)
  15 centaurs
  19 bullfrogs
  A gnoll sergeant (D:13)
  2 kobold brigands
  3 scorpions (D:5)
  An earth elemental (Elf:1)
  16 killer bees
  5 electric eels
  8 howler monkeys
  4 crimson imps (D:11)
  9 hounds
  23 orc priests
  3 jellies
  3 iguanas
  A sleepcap (D:7)
  A boggart zombie (D:15)
  5 hell rats (Lair:3)
  39 orc wizards
  10 gnolls
  4 adders
  2 white imps
  2 ufetubi
  2 worms
  A dart slug (D:2)
  81 orcs
  4 endoplasms
  6 goblins
  4 hobgoblins
  2 jackals (D:2)
  4 quokkas
  4 ball pythons
  5 bats
  5 frilled lizards
  22 kobolds
  8 rats
  A butterfly (D:4)
707 creatures vanquished.

Vanquished Creatures (collateral kills)
  A gargoyle (D:11)
  An orc warrior (Orc:2)
  2 orc priests (Orc:2)
  An orc wizard (Orc:2)
  2 orcs (Orc:2)
7 creatures vanquished.

Vanquished Creatures (others)
  An orc knight (Orc:2)
  A vampire mosquito (Lair:5)
  2 orc warriors (Orc:2)
  A killer bee (D:11)
  An orc priest (Orc:2)
  An orc wizard (Orc:2)
  An orc (Orc:2)
8 creatures vanquished.

Grand Total: 722 creatures vanquished

Notes
Turn   | Place    | Note
-------+----------+-------------------------------------------
     0 | D:1      | olmar the Draconian Transmuter began the quest for the Orb.
     0 | D:1      | Reached XP level 1. HP: 16/16 MP: 3/3
    61 | D:1      | Reached XP level 2. HP: 10/23 MP: 1/5
   431 | D:1      | Reached XP level 3. HP: 28/28 MP: 4/6
   652 | D:1      | Learned a level 2 spell: Wereblood
   986 | D:2      | Found a radiant altar of Vehumet.
  1378 | D:3      | Reached XP level 4. HP: 33/35 MP: 7/7
  1539 | D:3      | Reached skill level 4 in Unarmed Combat
  2140 | D:4      | Found a staircase to the Ecumenical Temple.
  2278 | D:4      | Reached XP level 5. HP: 32/40 MP: 4/8
  2286 | D:4      | Reached skill level 1 in Stealth
  2310 | Temple   | Entered the Ecumenical Temple
  2369 | Temple   | Became a worshipper of Gozag Ym Sagoz the Greedy
  2539 | D:4      | Found Xenn's Antique Armour Boutique.
  2850 | D:5      | Entered Level 5 of the Dungeon
  3203 | D:5      | Reached XP level 6. HP: 48/48 MP: 7/10
  3213 | D:5      | Reached skill level 5 in Unarmed Combat
  3351 | D:5      | Your scales start taking on a dull iron-grey colour.
  3351 | D:5      | Reached XP level 7. HP: 19/55 MP: 10/12
  3816 | D:5      | Reached skill level 6 in Unarmed Combat
  3920 | D:5      | Found an ornate altar of the Wu Jian Council.
  4029 | D:4      | Bought a pair of glowing boots for 232 gold pieces
  4136 | D:6      | Noticed a steam dragon
  4156 | D:6      | Killed a steam dragon
  4316 | D:6      | Reached XP level 8. HP: 63/63 MP: 11/14
  4327 | D:6      | Found a shimmering blue altar of Sif Muna.
  4327 | D:6      | Found a radiant altar of Vehumet.
  4333 | D:6      | Found a basalt altar of Yredelemnul.
  4366 | D:6      | Found an ancient bone altar of Kikubaaqudgha.
  4366 | D:6      | Noticed Grinder
  4374 | D:6      | Killed Grinder
  4375 | D:6      | Reached skill level 7 in Unarmed Combat
  4446 | D:6      | Found a runed translucent gate.
  4446 | D:6      | Noticed deremet's ghost (novice MfIE)
  4447 | D:6      | Found a runed translucent gate.
  4448 | D:6      | Found a runed translucent gate.
  4449 | D:6      | Identified the +3 chain mail of Creativity {+Blink rPois}
  4524 | D:6      | Reached skill level 5 in Transmutations
  4529 | D:6      | Reached skill level 5 in Spellcasting
  4536 | D:6      | Reached skill level 8 in Unarmed Combat
  4544 | D:6      | Reached XP level 9. HP: 26/70 MP: 15/17
  4961 | D:6      | Reached skill level 9 in Unarmed Combat
  5016 | D:6      | Noticed Maggie
  5029 | D:6      | Killed Maggie
  5030 | D:6      | Reached skill level 10 in Unarmed Combat
  5132 | D:6      | Found a broken altar of Ashenzari.
  5132 | D:6      | Found a bloodstained altar of Trog.
  5133 | D:6      | Found a hide-covered altar of Uskayaw.
  5689 | D:7      | Found Afyanud's Magic Scroll Shoppe.
  5693 | D:7      | Bought a scroll of summoning for 142 gold pieces
  5693 | D:7      | Bought a scroll of vulnerability for 60 gold pieces
  6144 | D:7      | Learned a level 5 spell: Lee's Rapid Deconstruction
  6152 | D:8      | Noticed Psyche
  6160 | D:8      | Killed Psyche
  6161 | D:8      | Reached XP level 10. HP: 78/78 MP: 16/20
  6258 | D:8      | Identified the +1 robe of Absolutism {rPois Str+3}
  6270 | D:8      | Noticed an orange demon
  6282 | D:8      | Reached skill level 11 in Unarmed Combat
  6763 | D:9      | Found a stormy altar of Qazlal.
  6836 | D:9      | Found a staircase to the Orcish Mines.
  6967 | D:9      | Reached skill level 12 in Unarmed Combat
  6991 | D:9      | Found a staircase to the Lair.
  7194 | D:9      | Reached XP level 11. HP: 84/84 MP: 20/22
  7225 | D:9      | Noticed Pikel
  7238 | D:9      | Killed Pikel
  7289 | D:9      | Found a snail-covered altar of Cheibriados.
  7644 | Lair:1   | Entered Level 1 of the Lair of Beasts
  7835 | Lair:1   | Reached skill level 13 in Unarmed Combat
  8119 | Lair:1   | Identified the scarf of Creativity {+Inv, Harm rCorr Int+3
                  | Slay-3}
  9000 | Lair:2   | Noticed a seven-headed hydra
  9061 | Orc:1    | Entered Level 1 of the Orcish Mines
  9078 | Orc:1    | Found a burning altar of Makhleb.
  9089 | Orc:1    | Noticed an orc sorcerer
  9097 | Orc:1    | Killed an orc sorcerer
  9220 | Orc:1    | Noticed an orc sorcerer
  9228 | Orc:1    | Paralysed by an orc sorcerer for 4 turns
  9231 | Orc:1    | Noticed a sixfirhy
  9237 | Orc:1    | Killed an orc sorcerer
  9253 | Orc:1    | Learned a level 4 spell: Ice Form
  9634 | Orc:2    | Entered Level 2 of the Orcish Mines
  9634 | Orc:2    | Found a staircase to the Elven Halls.
  9645 | Orc:2    | Reached skill level 14 in Unarmed Combat
  9657 | Orc:2    | Noticed an orc knight
  9660 | Orc:2    | Noticed Snorg
  9694 | Orc:1    | Killed an orc knight
  9899 | D:10     | Entered Level 10 of the Dungeon
  9968 | D:10     | Reached skill level 5 in Fighting
 10272 | D:10     | Found a portal to a secret trove of treasure.
 10380 | D:10     | Reached XP level 12. HP: 94/94 MP: 22/24
 11080 | D:11     | Found a shimmering altar of Xom.
 11686 | Lair:1   | Bought a scroll of magic mapping for 97 gold pieces
 11686 | Lair:1   | Bought a scroll of identify for 26 gold pieces
 11686 | Lair:1   | Bought a scroll of fear for 52 gold pieces
 11686 | Lair:1   | Bought a scroll of noise for 13 gold pieces
 11686 | Lair:1   | Bought a scroll of teleportation for 39 gold pieces
 11686 | Lair:1   | Bought a scroll of poison for 52 gold pieces
 11756 | Lair:2   | Killed a seven-headed hydra
 11834 | Lair:2   | Noticed Harold
 11847 | Lair:2   | Killed Harold
 11875 | Lair:2   | Reached skill level 15 in Unarmed Combat
 13119 | Lair:3   | Reached skill level 10 in Transmutations
 13449 | Lair:3   | Noticed Nergalle
 13467 | Lair:3   | Killed Nergalle
 13467 | Lair:3   | Noticed a six-headed hydra
 13483 | Lair:3   | Killed a six-headed hydra
 13492 | Lair:3   | Reached skill level 16 in Unarmed Combat
 13733 | Lair:3   | Reached XP level 13. HP: 102/102 MP: 23/26
 13761 | Lair:3   | Identified a scroll of acquirement
 13764 | Lair:3   | Acquired the amulet of Kiuxel {Acrobat Regen+}
 13817 | Lair:3   | Found a hole to the Spider Nest.
 14030 | Lair:3   | Found a staircase to the Swamp.
 14282 | Lair:4   | Noticed Urug
 14410 | Lair:4   | Noticed Sonja
 14424 | Lair:4   | Killed Sonja
 14565 | Lair:4   | Reached skill level 17 in Unarmed Combat
 14765 | Lair:4   | Killed Urug
 14766 | Lair:4   | Reached skill level 10 in Spellcasting
 15231 | Lair:5   | Entered Level 5 of the Lair of Beasts
 15238 | Lair:5   | Found a staircase to the Slime Pits.
 15239 | Lair:5   | Found a viscous altar of Jiyva.
 15339 | Lair:5   | Reached skill level 18 in Unarmed Combat
 15453 | Lair:5   | Reached XP level 14. HP: 111/111 MP: 28/28
 15594 | Lair:5   | Identified the +0 arbalest of the Spheres {flame, Fly rElec
                  | rPois}
 15605 | Lair:5   | Identified the +5 shortbow of Peril {elec, MP+9}
 15897 | Lair:5   | Reached skill level 19 in Unarmed Combat
 16828 | Orc:1    | Killed Snorg
 16935 | Orc:2    | Noticed an orc warlord
 16961 | Orc:2    | Killed an orc warlord
 17473 | Orc:2    | Found Gentos's Antique Armour Boutique.
 17474 | Orc:2    | Found Ykhaofem's Antique Weapon Boutique.
 17477 | Orc:2    | Found Tuocs's General Store.
 17477 | Orc:2    | Found Limaluge's Jewellery Shop.
 17498 | Orc:2    | Bought a distressingly furry cloak for 304 gold pieces
 17498 | Orc:2    | Identified the +0 cloak of Fun {rElec Str+2} (You bought it
                  | in a shop on level 2 of the Orcish Mines)
 17654 | Orc:2    | Reached skill level 20 in Unarmed Combat
 18367 | D:12     | Noticed Erolcha
 18376 | D:12     | Killed Erolcha
 18575 | D:12     | Found a white marble altar of Elyvilon.
 18643 | D:12     | You fall into a shaft and drop 3 floors!
 18643 | D:15     | Entered Level 15 of the Dungeon
 18762 | D:14     | Noticed Azrael
 18767 | D:14     | Killed Azrael
 18778 | D:14     | Reached XP level 15. HP: 93/118 MP: 29/29
 19351 | D:14     | Found a gate to the Vaults.
 20029 | D:15     | Reached skill level 21 in Unarmed Combat
 20512 | D:15     | Noticed an emperor scorpion
 20513 | D:15     | Found a staircase to the Depths.
 20703 | D:15     | Killed an emperor scorpion
 21768 | Elf:1    | Entered Level 1 of the Elven Halls
 21914 | Elf:1    | Reached skill level 22 in Unarmed Combat
 22049 | Elf:1    | Reached XP level 16. HP: 100/127 MP: 31/31
 22395 | Elf:1    | HP: 3/127 [+3 dire flail of protection (18)]
 22396 | Elf:1    | Demolished by a +3 dire flail of protection

Illustrated notes

Levels and vault maps discovered:
D:1:      psy_arrival_radial01, layout_rooms, minmay_misc_feat_square
D:2:      layout_basic, basic_altar, minivault_25, minmay_small_reverse_x
D:3:      layout_loops_cross
D:4:      layout_loops_cross, minmay_temple_entry_butterflies, serial_shops,
          shop, abandoned_shop
D:5:      layout_basic, lemuel_round_altar, serial_glass, glass_columns_a,
          glass_columns_b, chequers_serial_rivers_room_b
D:6:      layout_loops_cross, gammafunk_temple_overflow_claw,
          grunt_temple_overflow_cloverleaf, biasface_ghost_orc_armoury,
          uniq_grinder, uniq_maggie
D:7:      layout_basic, serial_shops, nicolae_shop_back_alley_shop
D:8:      layout_rooms, uniq_psyche
D:9:      layout_basic, amcnicky_altar_gilded, general_overflow_altar,
          erik_lair_island, erik_orc_4, uniq_pikel
D:10:     layout_basic, enter_trove_2
D:11:     layout_cave_pools, led_xom_imps
D:12:     layout_long_grid, elyvilon_altar_3, uniq_erolcha
D:13:     layout_rooms, kennysheep_generic_room_11
D:14:     layout_basic, erik_vaults_1, serial_bayou, serial_bayou_pond_d,
          serial_bayou_pond_d, serial_bayou_pond_e, serial_bayou_lake_a,
          serial_bayou_pond_d, serial_bayou_pond_a, uniq_azrael
D:15:     hangedman_depths_entry_try_elsewhere_first, layout_basic,
          serial_undead, serial_undead_d, serial_undead_b, serial_undead_e,
          serial_undead_f, minmay_misc_feat_four_crosses
Temple:   hellmonk_temple_flake
Lair:1:   dreamdust_cave_troll, layout_gridlike, grunt_megastairs_2,
          serial_bayou_shore_b
Lair:2:   minmay_lair_oklob_tunnel, layout_layer_cave, minivault_19, uniq_harold
Lair:3:   layout_hall_layers, palyth_hydra_swamp_entry, spider_nest_entry_a,
          uniq_nergalle
Lair:4:   layout_loops_ring, grunt_megastairs_4, uniq_urug, uniq_sonja
Lair:5:   minmay_lair_end_frog_pond, layout_loops_ring, slime_entry_1,
          nicolae_lair_grove_arrangements
Orc:1:    layout_caves, basic_altar
Orc:2:    st_orc_congregation, layout_diamond_mine, mines2_lemuel, uniq_snorg
Elf:1:    minmay_elf_arrival_plus, layout_loops_ring, hangedman_elf_disciples,
          minivault_28

Skill      XL: |  1  2  3  4  5  6  7  8  9 10 11 12 13 14 15 |
---------------+----------------------------------------------+-----
Dodging        | 2 |  2.5
Unarmed Combat | 4 5 6 8 10 12 14 16 18 20 22 | 22.3
Transmutations | 3 4 5 6 8 9 10 11 12 | 12.2
Stealth        | 1 |  1.1
Spellcasting   | 3 4 5 6 7 8 9 10 11 | 11.6
Fighting       | 2 3 4 5 6 7 |  7.9
Ice Magic      | |  0.2

Action                     |  1- 3 |  4- 6 |  7- 9 | 10-12 | 13-15 | 16-18 || total
---------------------------+-------+-------+-------+-------+-------+-------++-------
  Melee: Unarmed           |   113 |   134 |   187 |   587 |  1077 |    40 ||  2138
         Kick              |    15 |    12 |    58 |   194 |   325 |    12 ||   616
         Tailslap          |    10 |    18 |    22 |   116 |   187 |     4 ||   357
         Headbutt          |     8 |    12 |    30 |   100 |   207 |     3 ||   360
         Punch             |     2 |     3 |    12 |    47 |   138 |     4 ||   206
   Cast: Beastly Appendage |    21 |    12 |    20 |    37 |    42 |     2 ||   134
         Wereblood         |       |     8 |    18 |    39 |    42 |     2 ||   109
         Ice Form          |       |       |       |     1 |       |       ||     1
 Invoke: Potion Petition   |       |       |       |     3 |       |       ||     3
         Call Merchant     |       |       |       |     1 |       |       ||     1
  Evoke: Wand              |       |     2 |       |     8 |    21 |       ||    31
    Use: Potion            |       |     3 |     1 |       |    14 |     1 ||    19
         Scroll            |       |     4 |     6 |     3 |    12 |     1 ||    26
   Stab: Sleeping          |       |     1 |     1 |     1 |     2 |       ||     5
         Distracted        |       |     1 |     1 |     5 |     5 |     1 ||    13
         Invisible         |       |       |       |     4 |     9 |       ||    13
 Armour: Skin              |    36 |    69 |    72 |   258 |   306 |     7 ||   748
  Dodge: Dodged            |    59 |    79 |    93 |   554 |   776 |    24 ||  1585

Table legend: (Time is in decaauts)
 A = Elapsed time spent in this place.
 B = Non-inter-level travel time spent in this place.
 C = Inter-level travel time spent in this place.
 D = Time resting spent in this place.
 E = Time spent auto-exploring this place.
 F = Levels seen in this place.
 G = Mean time per level.
                   A        B        C        D        E       F      G
               +--------+--------+--------+--------+--------+-----+--------+
         Total |  21812 |  20531 |   1281 |   1648 |  14900 |  24 |  908.8 |
       Dungeon |  13147 |  12291 |    856 |    766 |   9401 |  15 |  876.5 |
        Temple |     70 |     51 |     19 |      0 |     45 |   1 |   70.0 |
          Lair |   6292 |   5960 |    332 |    583 |   4243 |   5 | 1258.4 |
  Orcish Mines |   1726 |   1654 |     72 |    298 |    870 |   2 |  863.0 |
   Elven Halls |    575 |    575 |      0 |      0 |    341 |   1 |  575.0 |
               +--------+--------+--------+--------+--------+-----+--------+

Top non-repeatable levels by time:
  Lair:2: 1418 daAuts
  Lair:1: 1390 daAuts
  Lair:5: 1383 daAuts
    D:15: 1378 daAuts
     D:5: 1233 daAuts
  Lair:3: 1193 daAuts
     D:6: 1143 daAuts
     D:9: 1113 daAuts
    D:10: 1017 daAuts
     D:4: 1001 daAuts
  Lair:4: 906 daAuts
    D:14: 898 daAuts
   Orc:1: 876 daAuts
   Orc:2: 850 daAuts
     D:7: 840 daAuts
